 Dungeon Crawl Stone Soup version 0.22.1-2-g9c5b331 (webtiles) character file.

409 La3ls the Skirmisher (level 6, -2/43 HPs)
             Began as a Vampire Fighter on Dec 8, 2018.
             Was a Follower of Dithmenos.
             Slain by an ogre
             ... wielding a +0 giant spiked club
              (30 damage)
             ... on level 4 of the Dungeon.
             The game lasted 00:28:44 (3813 turns).

La3ls the Skirmisher (Vampire Fighter)              Turns: 3813, Time: 00:28:45

Health: -2/43      AC: 10    Str: 15    XL:     6   Next: 58%
Magic:  6/6        EV:  5    Int: 11    God:    Dithmenos [*.....]
Gold:   130        SH:  9    Dex: 15    Spells: 5/5 levels left

rFire    . . .     SeeInvis +   a - +0 war axe
rCold    . . .     Gourm    .   c - +0 shield
rNeg     + . .     Faith    .   e - +0 chain mail
rPois    .         Spirit   .   (no helmet)
rElec    .         Reflect  .   q - +0 cloak
rCorr    .         Harm     .   (no gloves)
MR       .....     Rnd*Rage +   (no boots)
Stlth    ..........             (no amulet)
HPRegen  0.14/turn              (no ring)
MPRegen  0.10/turn              (no ring)

@: wreathed by umbra
A: fangs 3, see invisible, berserk 1, blink, deterioration 1, frail 1,
unbreathing
a: Bat Form, Blink, Renounce Religion


You were on level 4 of the Dungeon.
You worshipped Dithmenos.
Dithmenos was aware of your devotion.
You were not thirsty.

You visited 1 branch of the dungeon, and saw 4 of its levels.

You collected 130 gold pieces.

Inventory:

Hand Weapons
 a - a +0 war axe (weapon)
 i - a +0 blowgun
 m - a +0 whip
 p - a +0 short sword
 u - a cursed -3 hunting sling
Missiles
 o - 5 poisoned needles
Armour
 b - a +1 scale mail
 c - a +0 shield (worn)
 e - a +0 chain mail (worn)
 f - a +1 robe
 q - a +0 cloak (worn)
Scrolls
 h - a scroll of amnesia
 n - a scroll of identify
Potions
 d - 3 potions of might
 j - a potion of invisibility {unknown}
 l - 2 potions of curing
 r - 3 potions of heal wounds
 t - a potion of brilliance
Comestibles
 g - 3 rations


   Skills:
 + Level 4.0 Fighting
 + Level 4.0 Axes
 + Level 3.4 Armour
 + Level 1.7 Dodging
 + Level 0.2 Stealth
 + Level 3.6 Shields


You had 5 spell levels left.
You didn't know any spells.
Your spell library was empty.

Dungeon Overview and Level Annotations

Branches:
Dungeon (4/15)
 Temple: D:4-7

Altars:
Dithmenos
Qazlal


Innate Abilities, Weirdness & Mutations

You have razor-sharp teeth.
You have supernaturally acute eyesight. (SInv)
You can survive without breathing.
You tend to lose your temper in combat.
You can translocate small distances at will.
Your body sometimes deteriorates upon taking damage.
You are frail. (-10% HP)


Message History

You drop a club.
You drop a whip.
j - a fizzy ruby potion An ogre comes into view.
It is wielding a giant spiked club.
The ogre shouts!
Found a stone staircase leading down.
You slash the ogre!
The ogre is moderately wounded.
You block the ogre's attack.
You hit the ogre.
The ogre is heavily wounded.
The ogre hits you with a giant spiked club!
You hit the ogre but do no damage.
The ogre is heavily wounded.
The ogre barely misses you.
You slash the ogre!
The ogre is almost dead.
The ogre hits you with a giant spiked club!!
Ouch! That really hurt!
You die...

##.........<.....#
#.......#
#................#
#......##
.................#
##.....#
.................##
#.....#
..................#
##....#
..................#
#....#
#.................#
##...#
...............#..#
##..#
..............##@.#
####
##...........####O..#
##..........##
#......#
##.........##
.........
.#...#....##
......... .....###.##
.......... #....# ###
.......... ##.#..
...>....... ....


You could see an ogre.

Vanquished Creatures
  A phantom (D:4)
  A scorpion (D:4)
  An orc priest (D:3)
  An orc wizard (D:3)
  2 worker ants (D:4)
  8 adders
  2 worms
  3 dart slugs
  3 leopard geckos
  5 orcs
  2 ball pythons (D:3)
  3 giant cockroaches
  3 goblins
  11 hobgoblins
  11 kobolds
  4 quokkas
  11 bats
  7 frilled lizards
  7 rats
86 creatures vanquished.

Notes
Turn   | Place    | Note
-------+----------+-------------------------------------------
     0 | D:1      | La3ls the Vampire Fighter began the quest for the Orb.
     0 | D:1      | Reached XP level 1. HP: 17/17 MP: 1/1
   238 | D:1      | Reached XP level 2. HP: 24/24 MP: 2/2
  1046 | D:2      | Reached XP level 3. HP: 29/29 MP: 3/3
  1517 | D:2      | Reached XP level 4. HP: 32/35 MP: 4/4
  1619 | D:2      | Found a stormy altar of Qazlal.
  1619 | D:2      | Found a shadowy altar of Dithmenos.
  1627 | D:2      | Became a worshipper of Dithmenos the Shadowed
  2150 | D:4      | Reached skill level 1 in Dodging
  2150 | D:4      | Reached XP level 5. HP: 13/42 MP: 5/5
  2380 | D:3      | Reached * piety under Dithmenos
  3222 | D:4      | Reached XP level 6. HP: 48/48 MP: 6/6
  3280 | D:4      | Gained mutation: You tend to lose your temper in combat.
                  | [potion of mutation]
  3280 | D:4      | Gained mutation: Your body sometimes deteriorates upon
                  | taking damage. [potion of mutation]
  3280 | D:4      | Gained mutation: You are frail. (-10% HP) [potion of
                  | mutation]
  3280 | D:4      | Gained mutation: You can translocate small distances at
                  | will. [potion of mutation]
  3813 | D:4      | Slain by an ogre

Skill      XL: |  1  2  3  4  5  6 |
---------------+-------------------+-----
Fighting       | 3 4 |  4.0
Shields        | 3 |  3.6
Axes           | 2 3 4 |  4.0
Dodging        | 1 |  1.7
Armour         | 3 |  3.4
Stealth        | |  0.2

Action                   |  1- 3 |  4- 6 || total
-------------------------+-------+-------++-------
Melee: War axe           |    87 |   235 ||   322
       Bite              |     6 |    22 ||    28
  Use: Scroll            |     5 |     2 ||     7
       Potion            |     2 |     5 ||     7
  Eat: Corpse            |     8 |     8 ||    16
Armor: Scale mail        |    37 |    97 ||   134
       Chain mail        |       |    12 ||    12
Dodge: Dodged            |    23 |    78 ||   101
Block: Shield            |    44 |   134 ||   178
